 Dungeon Crawl Stone Soup version 0.17-b1-15-g0f5fb43 (webtiles) character file.

339 Eucla the Skirmisher (level 6, -3/40 HPs)
             Began as a Gargoyle Monk on Nov 8, 2015.
             Killed from afar by an orc wizard (8 damage)
             ... with a magic dart
             ... on level 4 of the Dungeon.
             The game lasted 00:05:49 (3155 turns).

Eucla the Skirmisher (Gargoyle Monk)                Turns: 3155, Time: 00:05:49

Health: -3/40      AC: 14    Str: 14    XL:     6   Next: 55%
Magic:  6/6        EV:  7    Int: 16    God:
Gold:   239        SH:  0    Dex: 14    Spells: 0 memorised, 5 levels left

rFire  . . .     SeeInvis .     r - +0 flail
rCold  . . .     Clarity  .     s - +0 chain mail
rNeg   + . .     SustAt   +     (no shield)
rPois  ∞         Gourm    +     (no helmet)
rElec  +         Spirit   .     t - +0 cloak
rCorr  .         Warding  .     (no gloves)
rMut   .         Stasis   .     (no boots)
MR     .....                    k - amulet of the gourmand
Stlth  ..........               (no ring)
                                c - ring of sustain attributes

@: brilliant, exhausted, not resistant to hostile enchantments, extremely
unstealthy
A: negative energy resistance 1, electricity resistance, unbreathing,
petrification resistance, rot immunity, AC +4
a: no special abilities


You were on level 4 of the Dungeon.
You were not hungry.

You visited 1 branch of the dungeon, and saw 4 of its levels.

You collected 239 gold pieces.

Inventory:

Hand Weapons
 g - a +0 whip
 r - a +0 flail (weapon)
Armour
 a - a +0 robe
 l - a +0 ring mail
 s - a +0 chain mail (worn)
 t - a +0 cloak (worn)
Jewellery
 c - a ring of sustain attributes (left hand)
 k - an amulet of the gourmand (around neck)
Scrolls
 d - 3 scrolls of teleportation {unknown}
 e - 2 scrolls of identify {unknown}
 h - 2 scrolls of remove curse {unknown}
 j - 2 scrolls of recharging {unknown}
 m - a scroll of blinking {unknown}
 n - 2 scrolls of fog {unknown}
 q - 2 scrolls of random uselessness {unknown}
 u - a scroll of magic mapping {unknown}
 y - a scroll of fear {unknown}
 C - a scroll of amnesia {unknown}
Potions
 f - a potion of haste
 z - a potion of magic
Comestibles
 b - 2 bread rations
 i - a meat ration
 A - 2 fruits


   Skills:
 + Level 5.0 Fighting
 + Level 2.9 Maces & Flails
 + Level 3.1 Armour
 + Level 3.5 Dodging
 - Level 2.1 Stealth
 - Level 4.0 Unarmed Combat


You had 5 spell levels left.
You didn't know any spells.

Dungeon Overview and Level Annotations

Branches:
Dungeon (4/15)
 Temple: D:4-7

Altars:
Gozag
Trog
Vehumet


Innate Abilities, Weirdness & Mutations

You are resistant to torment.
Your stone body is resilient (AC +4).
You are immune to poison.
You resist negative energy.
You are resistant to electric shocks.
You can survive without breathing.
You are immune to petrification.
You are immune to rotting.


Message History

* * * LOW HITPOINT WARNING * * *
Unknown command.
You miss something. Something hits you but does no damage.
The orc barely misses you.
Unknown command.
You miss something. Something hits you but does no damage.
The orc completely misses you. Something hits you but does no damage.
Unknown command.
Drink which item? (? for menu, Esc to quit)
It was a potion of brilliance.
You feel clever all of a sudden. The orc closely misses you.
Something hits you but does no damage.
You closely miss something. The orc hits you but does no damage.
Something hits you but does no damage.
Unknown command.
You closely miss something.
You hear some strange, mumbled words.
A magic dart appears from out of thin air!
The magic dart hits you!
You die...

...........# #.#
...........# #.#
...........###.#
........$......#
?......)..######
.......)).#
........))#
........o{#
.........@#
##.######## ...
##


You could see an orc.

Vanquished Creatures
  A hound (D:4)
  Jessica (D:3)
  2 orc priests (D:4)
  Natasha (twice) (D:3)
  3 orc wizards
  4 adders
  5 worms
  3 giant geckos
  7 orcs
  12 goblins
  9 hobgoblins
  A quokka (D:2)
  A ball python (D:3)
  4 bats
  5 giant newts
  5 kobolds
  A quokka skeleton (D:4)
  5 rats
71 creatures vanquished.

Notes
Turn   | Place    | Note
--------------------------------------------------------------
     0 | D:1      | Eucla the Gargoyle Monk began the quest for the Orb.
     0 | D:1      | Reached XP level 1. HP: 14/14 MP: 1/1
   340 | D:1      | Reached XP level 2. HP: 19/19 MP: 2/2
   720 | D:1      | Reached skill level 1 in Armour
  1144 | D:2      | Reached XP level 3. HP: 20/23 MP: 3/3
  1191 | D:2      | Reached skill level 1 in Maces & Flails
  1304 | D:2      | Found a bloodstained altar of Trog.
  1304 | D:2      | Found a radiant altar of Vehumet.
  1500 | D:2      | Reached XP level 4. HP: 21/29 MP: 4/4
  2165 | D:3      | Found an opulent altar of Gozag.
  2217 | D:3      | Reached XP level 5. HP: 31/33 MP: 5/5
  2296 | D:3      | Noticed Jessica
  2302 | D:3      | Killed Jessica
  2486 | D:3      | Noticed Natasha
  2512 | D:3      | Killed Natasha
  2563 | D:3      | Noticed Natasha
  2571 | D:3      | Killed Natasha
  2972 | D:3      | Found a faded altar to an unknown god.
  3025 | D:3      | Reached XP level 6. HP: 37/39 MP: 6/6
  3144 | D:4      | Reached skill level 5 in Fighting
  3155 | D:4      | Killed from afar by an orc wizard

Action                   |  1- 3 |  4- 6 || total
-------------------------+-------+-------++-------
Melee: Unarmed           |    19 |       ||    19
       Whip              |   133 |       ||   133
       Flail             |     6 |   186 ||   192
  Use: Potion            |       |     9 ||     9
 Stab: Sleeping          |     2 |       ||     2
  Eat: Chunk             |     7 |     8 ||    15
